 Dungeon Crawl Stone Soup version 0.23-a0-270-gab6feb3 (webtiles) character file.

63 MisterFreud the Sneak (level 3, 0/36 HPs)
             Began as a Vampire Enchanter on Oct 1, 2018.
             Slain by an adder (2 damage)
             ... on level 2 of the Dungeon.
             The game lasted 00:03:21 (1372 turns).

MisterFreud the Sneak (Vampire Enchanter)           Turns: 1372, Time: 00:03:21

Health: 0/36       AC: 21    Str:  7    XL:     3   Next: 89%
Magic:  6/6        EV:  2    Int: 18    God:
Gold:   43         SH:  0    Dex: 14    Spells: 3/6 levels left

rFire    + . .     SeeInvis +   a - +1 dagger
rCold    + . .     Gourm    .   (no shield)
rNeg     + + +     Faith    .   (armour currently unavailable)
rPois    +         Spirit   .   (helmet currently unavailable)
rElec    +         Reflect  .   (cloak currently unavailable)
rCorr    +         Harm     .   (gloves currently unavailable)
MR       .....     NoTele   +   (boots currently unavailable)
Stlth    +++.......             (no amulet)
HPRegen  0.12/turn              (no ring)
MPRegen  0.10/turn              (no ring)

@: lethally poisoned (0 -> -4), tree-form, resistant
A: see invisible
a: Bat Form


You were on level 2 of the Dungeon.
You were not thirsty.
You were a tree.
You visited 1 branch of the dungeon, and saw 2 of its levels.

You collected 43 gold pieces.

Inventory:

Hand Weapons
 a - a +1 dagger (weapon)
Missiles
 c - 7 stones (quivered)
 j - 17 arrows
 l - 11 bolts
Armour
 b - a +0 robe (melded)
Scrolls
 f - 4 scrolls of identify {unknown}
 g - 2 scrolls of teleportation {unknown}
 h - 2 scrolls of remove curse {unknown}
 k - a scroll of enchant weapon {unknown}
Potions
 d - 6 potions of blood
 e - a potion of resistance


   Skills:
 + Level 3.0 Short Blades
 - Level 2.1 Dodging
 + Level 6.1 Stealth
 - Level 2.0 Spellcasting
 - Level 4.4 Hexes


You had 3 spell levels left.
You knew the following spells:

 Your Spells              Type           Power        Failure   Level  Hunger
a - Corona                Hex            ###....      3%          1    #......
b - Ensorcelled Hibernat  Hex/Ice        #.....       11%         2    ###....

Your spell library contained the following spells:

 Spells                   Type           Power        Failure   Level  Hunger
 Confuse                  Hex            ###.....     9%          3    ###....
 Tukima's Dance           Hex            ###.....     9%          3    ###....
 Dazzling Spray           Conj/Hex       #.....       22%         3    ###....


Dungeon Overview and Level Annotations

Branches:
Dungeon (2/15)

Altars:


Innate Abilities, Weirdness & Mutations

((You have razor-sharp teeth.))
You have supernaturally acute eyesight. (SInv)
((You can survive without breathing.))


Message History

You feel sick. The adder closely misses you. The adder barely misses you.
It was a potion of resistance.
You feel protected. The adder bites you.
* * * LOW HITPOINT WARNING * * *
It was a potion of lignification.
You turn into a tree.
Your +0 robe melds into your body.
Your roots penetrate the ground.
* * * LOW HITPOINT WARNING * * *
You feel sick. The adder bites you but does no damage.
You hit the adder but do no damage.
The adder is moderately wounded.
The adder bites you but does no damage.
You miss the adder.
The adder is moderately wounded.
* * * LOW HITPOINT WARNING * * *
You feel sick. The adder bites you but does no damage.
You hit the adder.
The adder is heavily wounded.
The adder bites you.
You die...

#.##..##...#..# . .##
#.#.......###.## #..
# #...#...#.#..# ..#
# #......##.##.##
#..# #.#.#..#...#..#
...#
#.#...##...##.###...#
#.##..#.....#).#)..#
#. ##.#.....#..#...#
#.........♣S.###
.......<.##.###
#######.....# #.#####
#.# #.# #. #. #.


You could see an adder.

Vanquished Creatures
  3 adders (D:2)
  A dart slug (D:1)
  5 giant cockroaches (D:1)
  4 goblins
  6 hobgoblins (D:1)
  6 kobolds
  A quokka (D:2)
  3 frilled lizards
  3 rats (D:1)
32 creatures vanquished.

Notes
Turn   | Place    | Note
-------+----------+-------------------------------------------
     0 | D:1      | MisterFreud the Vampire Enchanter began the quest for the
                  | Orb.
     0 | D:1      | Reached XP level 1. HP: 13/13 MP: 3/3
   117 | D:1      | Reached XP level 2. HP: 16/19 MP: 5/5
   119 | D:1      | Reached skill level 5 in Stealth
   668 | D:1      | Learned a level 2 spell: Ensorcelled Hibernation
  1028 | D:1      | Reached XP level 3. HP: 24/24 MP: 6/6
  1297 | D:2      | Reached skill level 6 in Stealth
  1371 | D:2      | HP: 1/36 [poisoned by an adder]
  1372 | D:2      | Slain by an adder

Vault maps used:
D:1:      eino_arrival_water_cross, minmay_misc_feat_encased, minivault_26
D:2:      tgw_xom, minmay_unequal

Skill      XL: |  1  2  3 |
---------------+----------+-----
Stealth        | 5 6 |  6.1
Short Blades   | 2 3 |  3.0
Dodging        | |  2.1
Spellcasting   | |  2.0
Hexes          | |  4.4

Action                   || total
-------------------------++-------
Melee: Dagger            ||   113
       Bite              ||    13
 Cast: Corona            ||     4
  Use: Potion            ||     4
 Stab: Sleeping          ||    11
Armor: Robe              ||    11
       Skin              ||     3
Dodge: Dodged            ||    61

Table legend:
 A = Non-vault XP
 B = Vault XP
 C = Vault XP percentage of total XP
 D = Non-vault monster count
 E = Vault monster count
 F = Vault count percentage of total count
                 A         B        C        D         E       F
            +---------+---------+-------+---------+---------+-------
      Total |      78 |      13 |  14.3 |      31 |       1 |   3.1
            +---------+---------+-------+---------+---------+-------
        D:1 |      43 |       0 |   0.0 |      23 |       0 |   0.0
        D:2 |      35 |      13 |  27.1 |       8 |       1 |  11.1
            +---------+---------+-------+---------+---------+-------
